 Dungeon Crawl Stone Soup version 0.26.1 (webtiles) character file.

Game seed: 5736639464489266069

43581 Gauvater the Fighter (level 13, -2/117 (124) HPs)
             Began as a Palentonga Fighter on Feb 6, 2021.
             Was a High Priest of Wu Jian.
             Slain by a death yak (9 damage)
             ... on level 6 of the Lair of Beasts on Feb 7, 2021.
             The game lasted 02:25:40 (35672 turns).

Gauvater the Fighter (Palentonga Fighter)          Turns: 35672, Time: 02:25:47

HP:   -2/117 (124)  AC: 28    Str: 23    XL:     13   Next: 91%
MP:   11/13         EV:  9    Int:  8    God:    Wu Jian [*****.]
Gold: 1577          SH: 14    Dex: 12    Spells: 12/12 levels left

rFire    + + +     SeeInvis +   A - +3 whip (venom)
rCold    . . .     Faith    .   c - +3 kite shield
rNeg     . . .     Spirit   .   P - +2 ring mail of Zin's Approval {rF+}
rPois    .         Reflect  .   M - +0 helmet
rElec    .         Harm     .   x - +1 cloak
rCorr    .         Rampage  .   S - +2 pair of gloves of Sophism {+Inv rF++}
Will     .....                  I - +0 barding
Stlth    ++........             (no amulet)
HPRegen  0.29/turn              (no ring)
MPRegen  0.13/turn              E - +4 ring of slaying

@: very slightly contaminated, drained, invisible, curled up
A: large, rugged brown scales 3, see invisible, deformed body, roll 1, armoured
tail, reflexive curl
a: Rolling Charge, Renounce Religion, Evoke Invisibility, Wall Jump, Serpent's
Lash, Heavenly Storm


You were on level 6 of the Lair of Beasts.
You worshipped Wu Jian.
Wu Jian was extremely pleased with you.
You visited 4 branches of the dungeon, and saw 21 of its levels.
You also visited: Ossuary.

You collected 2150 gold pieces.
You spent 573 gold pieces at shops.

Inventory:

Hand Weapons
 a - a +1 war axe
 b - a +3 great mace
 l - a cursed -2 hand crossbow
 q - a +1 flail of holy wrath
 A - a +3 whip of venom (weapon)
 H - a +1 longbow of flaming
 R - a +2 battleaxe of flaming
Missiles
 g - 40 arrows
 m - 27 boomerangs
 n - a throwing net
 F - 76 poisoned darts
 Q - 14 bolts
 U - 6 curare-tipped darts
Armour
 c - a +3 kite shield (worn)
 x - a +1 cloak (worn)
 I - a +0 barding (worn)
 M - a +0 helmet (worn)
 P - the +2 ring mail of Zin's Approval (worn) {rF+}
   (You found it on level 2 of the Lair of Beasts)

   It protects you from fire.
 S - the +2 pair of gloves of Sophism (worn) {+Inv rF++}
   (You bought it in a shop on level 8 of the Dungeon)

   It greatly protects you from fire.
   It lets you turn invisible.
Jewellery
 E - a +4 ring of slaying (right hand)
 K - an uncursed ring of protection from fire
Wands
 k - a wand of digging (10)
 u - a wand of flame (25)
 w - a wand of iceblast (8)
 y - a wand of enslavement (12)
 B - a wand of paralysis (6)
 D - a wand of polymorph (20)
 O - a wand of disintegration (22)
 W - a wand of random effects (20)
Scrolls
 j - 4 scrolls of remove curse
 p - 2 scrolls of enchant armour
 v - 3 scrolls of fear
 C - a scroll of amnesia
 G - 2 scrolls of enchant weapon
 L - a scroll of fog
 N - a scroll of holy word
 T - a scroll of identify
 V - 4 scrolls of teleportation
Potions
 d - 4 potions of might
 e - 8 potions of flight
 f - 8 potions of lignification
 i - 15 potions of curing
 o - a potion of magic
 r - 2 potions of haste
 s - 2 potions of cancellation
 z - a potion of berserk rage
 J - 2 potions of resistance
Miscellaneous
 h - a lightning rod (4/4)
 X - a box of beasts


   Skills:
 * Level 11.2 Fighting
 + Level 9.2(11.2) Axes
 + Level 10.5(11.8) Maces & Flails
 + Level 1.2 Throwing
 + Level 7.4 Armour
 + Level 5.3 Dodging
 + Level 3.5 Stealth
 + Level 8.8 Shields
 * Level 7.4 Evocations


You had 12 spell levels left.
You didn't know any spells.
Your spell library contained the following spells:

 Spells                   Type           Power        Failure   Level
 Freeze                   Ice            0%           54%         1
 Sting                    Tmut/Pois      0%           54%         1
 Poisonous Vapours        Pois/Air       0%           69%         2
 Frozen Ramparts          Ice            0%           89%         3
 Ignite Poison            Fire/Tmut/Pois 0%           89%         3
 Mephitic Cloud           Conj/Pois/Air  0%           89%         3
 Ozocubu's Armour         Ice            0%           89%         3
 Hailstorm                Conj/Ice       0%           100%        4
 Olgreb's Toxic Radiance  Pois           0%           100%        4
 Summon Ice Beast         Ice/Summ       0%           100%        4


Dungeon Overview and Level Annotations

Branches:
Dungeon (12/15)            Temple (1/1) D:7            Lair (6/6) D:11
 Shoals (0/4) Lair:3        Snake (0/4) Lair:4        Slime (0/5) Lair:5
    Orc (2/2) D:10            Elf (0/3) Orc:2       Ossuary (visited)

Altars:
Ashenzari
Dithmenos
Fedhas
Gozag
Hepliaklqana
Nemelex Xobeh
Okawaru
Uskayaw
Wu Jian
Xom
Beogh
Jiyva

Shops:
D:6 [!?   D:7 =   D:8 *   D:9 ((=[!   D:10 *   Orc:2 (}:(

Annotations:
D:10 1 runed translucent door, Burana's ghost, novice OpTm
D:12 Azrael
Lair:1 3 runed translucent doors, H0rd4k's ghost, journeyman OpTm
Lair:4 exclusion: oklob plant


Innate Abilities, Weirdness & Mutations

You are completely covered in rugged brown scales. (AC +3, +7% HP)
You have supernaturally acute eyesight. (SInv)
Armour fits poorly on your strangely shaped body.
You can roll at nearby foes to attack.
You have a long armoured tail.
You curl defensively after being hit.


Message History

You barely miss the wyvern.
The wyvern is heavily wounded.
You hit the wyvern.
The wyvern is poisoned.
You tail-slap the wyvern.
The wyvern is almost dead.
You kill the torpor snail!
The Council accepts your kill.
You kill the wyvern!
The Council accepts your kill. The death yak gores you! x2
The death yak gores you but does no damage.
You block the wolf's attack. The death yak gores you!!
* * * LOW HITPOINT WARNING * * *
You feel drained.
You fade into invisibility!
You are very lightly contaminated with residual magic.
You feel yourself speed up. You block the wolf's attack.
The death yak gores you!
* * * LOW HITPOINT WARNING * * *
The death yak gores you!
You die...

##.......# #
........#.###
##.......#.P..
............#
..........#
#.......#
#......###
##.@........#
#PYYY.....#..
#..#h......w.
##†....##...##
#..#.Y##.#...#
#..##.#.....#
##†.#......##
#.†.#YP.....#
#..#.....####
##


You could see 4 death yaks, a yak and a wolf.

Vanquished Creatures
  Nessos (Lair:5)
  6 hydras
  2 catoblepae
  A boulder beetle (D:11)
  2 orc high priests
  A two-headed ogre (D:9)
  2 death yaks (Lair:6)
  3 orc knights (Orc:1)
  An orc sorcerer (Orc:1)
  2 black mambas
  Joseph (D:8)
  A merfolk siren (Lair:3)
  A torpor snail (Lair:6)
  3 elephants
  8 cane toads
  3 rime drakes
  4 komodo dragons
  5 trolls
  A polar bear (Lair:4)
  4 dream sheep (Lair:5)
  8 blink frogs (Lair:2)
  Sigmund (D:6)
  A wraith (D:10)
  A fire elemental (D:11)
  3 wyverns
  38 yaks
  3 basilisks
  4 wargs
  2 nagas (Lair:4)
  Duvessa (D:4)
  12 water moccasins
  36 orc warriors
  A hornet zombie (D:9)
  6 sky beasts
  An ice beast (D:7)
  4 black bears
  6 wolves
  9 ogres
  2 phantoms
  18 centaurs
  20 bullfrogs
  A gnoll sergeant (D:8)
  5 water moccasin zombies (Ossuary)
  Dowan (D:4)
  3 scorpions
  5 killer bees
  4 electric eels (D:11)
  5 wights
  A howler monkey (D:5)
  4 centaur zombies
  8 hounds
  14 orc wizards
  2 quasits
  A bullfrog zombie (D:6)
  10 orc priests
  3 jellies
  A bullfrog skeleton (D:8)
  A centaur skeleton (D:11)
  5 iguanas
  Jessica (D:2)
  6 worker ants
  2 big kobold zombies (Ossuary)
  2 hound skeletons
  Robin (D:3)
  2 mummies (Ossuary)
  7 adders
  3 gnolls (D:8)
  A shadow imp (D:5)
  An adder skeleton (D:5)
  4 adder zombies (Ossuary)
  2 worms (D:2)
  A dart slug (D:1)
  4 leopard geckos
  74 orcs
  A ball python (D:3)
  5 giant cockroaches
  21 goblins
  7 hobgoblins
  10 jackals
  8 quokkas
  5 bats
  4 frilled lizards (D:1)
  6 gnoll zombies (Ossuary)
  3 hobgoblin zombies (Ossuary)
  3 kobolds (D:1)
  2 kobold zombies (Ossuary)
  4 orc zombies (Ossuary)
  A quokka skeleton (D:8)
  3 rats
497 creatures vanquished.

Vanquished Creatures (collateral kills)
  An orc knight (Orc:1)
  2 orcs (Orc:1)
3 creatures vanquished.

Vanquished Creatures (others)
  2 orcs (Orc:2)
  A bush (Lair:6)
  33 fungi
  63 plants
99 creatures vanquished.

Grand Total: 599 creatures vanquished

Notes
Turn   | Place    | Note
-------+----------+-------------------------------------------
     0 | D:1      | Gauvater the Palentonga Fighter began the quest for the
                  | Orb.
     0 | D:1      | Reached XP level 1. HP: 20/20 MP: 1/1
    82 | D:1      | Reached XP level 2. HP: 24/27 MP: 2/2
   831 | D:2      | Reached XP level 3. HP: 25/33 MP: 3/3
  1143 | D:2      | Found a hazy altar of Hepliaklqana.
  1561 | D:2      | Noticed Jessica
  1565 | D:2      | Killed Jessica
  1566 | D:2      | Reached XP level 4. HP: 36/40 MP: 4/4
  3124 | D:4      | Noticed a phantom
  3130 | D:4      | Noticed Robin
  3294 | D:3      | Killed Robin
  3295 | D:3      | Reached XP level 5. HP: 48/48 MP: 5/5
  3421 | D:3      | Killed a phantom
  3563 | D:4      | Reached XP level 6. HP: 48/54 MP: 6/6
  3874 | D:4      | Noticed Duvessa
  4012 | D:4      | Killed Duvessa
  4012 | D:4      | Noticed Dowan
  4166 | D:4      | Killed Dowan
  4434 | D:5      | Entered Level 5 of the Dungeon
  4539 | D:5      | Gained mutation: You curl defensively after being hit.
                  | [Palentonga growth]
  4539 | D:5      | Reached XP level 7. HP: 18/62 MP: 7/7
  4556 | D:4      | Reached skill level 1 in Dodging
  4791 | D:5      | Reached skill level 5 in Axes
  4810 | D:5      | Found an iron altar of Okawaru.
  4918 | D:5      | Reached skill level 4 in Fighting
  5448 | D:5      | Reached XP level 8. HP: 49/71 MP: 8/8
  5982 | D:6      | Found Hongiemn's Distillery.
  5989 | D:6      | Bought a potion of curing for 45 gold pieces
  5989 | D:6      | Bought a potion of lignification for 45 gold pieces
  5989 | D:6      | Bought a potion of berserk rage for 75 gold pieces
  5989 | D:6      | Bought a potion of might for 60 gold pieces
  6088 | D:6      | Reached skill level 5 in Armour
  6411 | D:6      | Reached skill level 1 in Maces & Flails
  6546 | D:6      | Found Wiotyeve's Magic Scroll Emporium.
  6554 | D:6      | Bought a scroll of identify for 22 gold pieces
  6554 | D:6      | Bought a scroll of identify for 22 gold pieces
  6987 | D:6      | Found Zentazxu's Armour Emporium.
  7380 | D:6      | Noticed Sigmund
  7598 | D:6      | Killed Sigmund
  7599 | D:6      | Reached XP level 9. HP: 75/78 MP: 9/9
  8286 | D:7      | Reached skill level 5 in Fighting
  8557 | D:7      | Found a staircase to the Ecumenical Temple.
  8565 | Temple   | Entered the Ecumenical Temple
  8668 | Temple   | Became a worshipper of the Wu Jian Council
  8698 | D:7      | Found Wabo Ugo's Jewellery Shoppe.
  9158 | D:8      | Reached skill level 5 in Shields
  9272 | D:8      | Found a sand-covered staircase.
  9303 | Ossuary  | Entered an ossuary
  9541 | Ossuary  | Reached * piety under Wu Jian
  9825 | D:8      | Found Zainn's Assorted Antiques.
  9851 | D:8      | Reached skill level 1 in Evocations
  9873 | D:8      | Noticed Joseph
  9902 | D:8      | Killed Joseph
  9903 | D:8      | Reached skill level 5 in Maces & Flails
 10338 | D:8      | You fall into a shaft and drop 3 floors!
 10344 | D:11     | Noticed a troll
 10363 | D:11     | Killed a troll
 10364 | D:11     | Reached XP level 10. HP: 32/88 MP: 10/10
 10370 | D:11     | Reached skill level 1 in Stealth
 10685 | D:10     | Entered Level 10 of the Dungeon
 10768 | D:9      | Reached skill level 6 in Fighting
 10840 | D:9      | Found Wuprop's Antique Armour Shoppe.
 10964 | D:8      | Noticed a five-headed hydra
 11345 | D:8      | Reached ** piety under Wu Jian
 11659 | D:9      | Found Wetig's Distillery.
 11711 | D:9      | Found Ked Fal's Antique Weapon Shop.
 11715 | D:9      | Found Vylihe's Antique Weapon Shop.
 12238 | D:10     | Noticed a two-headed ogre
 12247 | D:10     | Found a runed translucent door.
 12247 | D:10     | Found Zenixkid's General Store.
 12248 | D:10     | Noticed Burana's ghost (novice OpTm)
 12376 | D:9      | Found Cap Liupp's Jewellery Boutique.
 13091 | D:9      | Killed a two-headed ogre
 14314 | D:10     | Found a staircase to the Orcish Mines.
 14560 | D:10     | Reached skill level 7 in Fighting
 15431 | D:11     | Noticed a seven-headed hydra
 15595 | Orc:1    | Entered Level 1 of the Orcish Mines
 15775 | D:10     | Reached XP level 11. HP: 36/98 MP: 11/11
 16099 | Orc:1    | Noticed an orc knight
 16109 | D:10     | Reached *** piety under Wu Jian
 16845 | D:11     | Noticed a boulder beetle
 16982 | D:11     | Killed a boulder beetle
 17236 | D:12     | Noticed Azrael
 17334 | Orc:1    | Killed an orc knight
 17834 | Orc:1    | Found a roughly hewn altar of Beogh.
 17834 | Orc:1    | Noticed an orc high priest
 17856 | Orc:1    | Reached skill level 8 in Fighting
 18656 | D:10     | Killed an orc high priest
 18958 | Orc:2    | Entered Level 2 of the Orcish Mines
 18963 | Orc:2    | Noticed an orc high priest
 19225 | Orc:2    | Noticed an orc sorcerer
 20094 | Orc:2    | Noticed an orc knight
 20259 | Orc:2    | Noticed a sixfirhy
 20584 | Orc:2    | Noticed an orc knight
 20584 | Orc:2    | Noticed an orc knight
 20833 | Orc:1    | Killed an orc knight
 21445 | Orc:1    | Killed an orc knight
 21446 | Orc:1    | Reached skill level 5 in Evocations
 21634 | Orc:1    | Killed an orc knight
 22153 | Orc:2    | Noticed a sun demon
 22470 | Orc:1    | Killed an orc high priest
 22471 | Orc:1    | Reached XP level 12. HP: 34/110 MP: 12/12
 23206 | Orc:1    | Reached **** piety under Wu Jian
 24622 | Orc:2    | Found a staircase to the Elven Halls.
 24718 | Orc:2    | Found Jidommeu's Gadget Shop.
 24718 | Orc:2    | Found Puik's Book Shoppe.
 24720 | Orc:2    | Found Cassicur's Weapon Emporium.
 25237 | Orc:2    | Found Fucri's Antique Weapon Boutique.
 25798 | D:8      | Bought a pair of warped gloves for 304 gold pieces
 25803 | D:8      | Identified the +2 pair of gloves of Sophism {+Inv rF++}
                  | (You bought it in a shop on level 8 of the Dungeon)
 26300 | D:11     | Reached skill level 9 in Fighting
 26434 | D:11     | Found a staircase to the Lair.
 26715 | D:11     | Killed a five-headed hydra
 27321 | Lair:1   | Entered Level 1 of the Lair of Beasts
 27360 | Lair:1   | Noticed a six-headed hydra
 27574 | D:11     | Killed a four-headed hydra
 27575 | D:11     | Reached skill level 1 in Throwing
 28269 | Lair:1   | Found a runed translucent gate.
 28270 | Lair:1   | Found a runed translucent gate.
 28270 | Lair:1   | Found a runed translucent gate.
 28270 | Lair:1   | Noticed an 11-headed hydra
 28270 | Lair:1   | Noticed H0rd4k's ghost (journeyman OpTm)
 29934 | Lair:2   | Got a spiked ring mail
 29973 | Lair:2   | Reached XP level 13. HP: 100/120 MP: 13/13
 30152 | Lair:1   | Identified the +2 ring mail of Zin's Approval {rF+} (You
                  | found it on level 2 of the Lair of Beasts)
 30701 | Lair:2   | Reached skill level 10 in Fighting
 31299 | Lair:3   | Reached skill level 10 in Maces & Flails
 31349 | Lair:3   | Found a staircase to the Shoals.
 31955 | Lair:3   | Reached skill level 5 in Dodging
 32060 | Lair:3   | You fall into a shaft and drop 2 floors!
 32064 | Lair:5   | Found a viscous altar of Jiyva.
 32065 | Lair:5   | Found a staircase to the Slime Pits.
 33102 | Lair:4   | Reached ***** piety under Wu Jian
 33372 | Lair:4   | Found a staircase to the Snake Pit.
 34891 | Lair:5   | Noticed Nessos
 34896 | Lair:5   | Killed Nessos
 35244 | Lair:6   | Entered Level 6 of the Lair of Beasts
 35443 | Lair:6   | Reached skill level 11 in Fighting
 35672 | Lair:6   | Slain by a death yak

Illustrated notes

Levels and vault maps discovered:
D:1:      sevenhm_arrival_forest_fort_small_4, layout_rooms
D:2:      layout_loops_corners, nzn_hepliaklqana_mist_gate, uniq_jessica
D:3:      layout_loops_corners
D:4:      layout_rooms, uniq_robin, uniq_duvessa
D:5:      layout_gridville, okawaru_gym_becter
D:6:      layout_gridville, serial_shops, shop,
          nicolae_shop_temple_entry_statues_fountains, nicolae_shop_waterfront,
          chequers_serial_rivers_room_a, kennysheep_generic_room_4, uniq_sigmund
D:7:      layout_cave_pods, minmay_temple_entry_proselytizer, serial_shops,
          nicolae_shop_trees
D:8:      layout_loops_cross, chequers_ossuary_entry_cave, serial_shops, shop,
          uniq_joseph
D:9:      layout_cave_pools, serial_shops, nicolae_shop_trees,
          nicolae_shop_behind_doors, shop, shop,
          nicolae_shop_temple_entry_statues_fountains
D:10:     layout_rooms, hiddenorc2_lemuel, ebering_ghost_reflecting_pool,
          serial_shops, shop
D:11:     layout_grid_maze, erik_lair_island, hangedman_decor_growths,
          serial_bayou_pond_d
D:12:     layout_irregular_city, uniq_azrael
Temple:   roderic_octagonal_lattice_temple
Lair:1:   layout_loops_ring, gammafunk_ghost_hydra_chop
Lair:2:   layout_small_grid, grunt_megastairs_5
Lair:3:   layout_cave_pods, minmay_shoals_entry_lonely_mermaid,
          infiniplex_staircase_pool_2
Lair:4:   layout_small_grid, guppyfry_snake_entry_garden,
          minmay_lair_oklob_chamber, grunt_megastairs_1, lemuel_fruit_tree
Lair:5:   layout_cave_shapes, slime_altar_1, fungi_pond_lemuel,
          grunt_megastairs_2, uniq_nessos
Lair:6:   hangedman_lair_in_review, layout_loops_ring, minmay_lair_oklob_items,
          serial_bayou_shore_a, uniq_kirke
Orc:1:    layout_caves, basic_altar, kennysheep_orc_chapel
Orc:2:    st_orc_rangers, layout_caves

Skill      XL: |  1  2  3  4  5  6  7  8  9 10 11 12 13 |
---------------+----------------------------------------+-----
Axes           | 3 4 5 6 7 8 9 |  9.2
Armour         | 3 4 5 6 7 |  7.4
Shields        | 3 4 5 6 7 8 |  8.8
Dodging        | 1 2 3 4 5 |  5.3
Fighting       | 4 5 7 8 9 11 | 11.2
Maces & Flails | 3 5 6 8 9 10 | 10.5
Evocations     | 2 3 5 6 7 |  7.4
Stealth        | 1 2 3 |  3.5
Throwing       | 1 |  1.2

Action                   |  1- 3 |  4- 6 |  7- 9 | 10-12 | 13-15 || total
-------------------------+-------+-------+-------+-------+-------++-------
Melee: War axe           |   105 |   145 |   193 |    67 |       ||   510
       Tailslap          |     8 |    16 |    59 |   187 |    69 ||   339
       Whip              |       |       |   191 |   987 |   363 ||  1541
       Battleaxe         |       |       |       |    32 |    39 ||    71
Throw: Boomerang         |       |       |     3 |       |     8 ||    11
       Throwing net      |       |       |       |     5 |       ||     5
       Dart              |       |       |       |     8 |     3 ||    11
Invok: Whirlwind         |       |       |    11 |    78 |    56 ||   145
       Lunge             |       |       |     5 |    32 |     6 ||    43
 Abil: Rolling Charge    |    24 |    26 |    46 |    41 |    24 ||   161
       Wall Jump         |       |       |       |     8 |    26 ||    34
       Evoke Invisibilit |       |       |       |       |     2 ||     2
Evoke: Wand              |       |       |       |     8 |     3 ||    11
  Use: Scroll            |     4 |     3 |    11 |    11 |     8 ||    37
       Potion            |       |       |     2 |     7 |     1 ||    10
 Stab: Held in net/web   |       |       |       |     2 |       ||     2
       Invisible         |       |       |       |       |    11 ||    11
       Petrified         |       |       |       |       |     6 ||     6
Armor: Scale mail        |    52 |    45 |   112 |       |       ||   209
       Leather armour    |       |       |    11 |   265 |       ||   276
       Skin              |       |       |       |     8 |    31 ||    39
       Ring mail         |       |       |       |       |    88 ||    88
Dodge: Dodged            |    16 |    39 |    78 |   348 |    96 ||   577
Block: Kite shield       |    50 |    75 |   191 |   657 |   115 ||  1088
